General information
- name: BNet
- type: Ladder team game (AT/RT)
- host: Battle.net
- saver: TIMG4STRok
map: FullScaleAssault
- players: 8
- length: 18:37
- speed: Fast
- version: 1.24 W3XP
- replay type:

» download(205 KB)
Players
team 1 (loser)
ErPf3000 (
blue | 110 APM | 2046 actions | 18:31)
4 Death Knight
2 Death Coil
2 Unholy Aura
3 Lich
2 Frost Nova
1 Dark Ritual
2 Dreadlord
1 Sleep
1 Vampiric Aura
» actions
| Assign group hotkey | 29 | |
| Basic commands | 260 | |
| Build / train | 66 | |
| ESC pressed | 1 | |
| Enter build submenu | 25 | |
| Enter hero's abilities submenu | 10 | |
| Give item / drop item | 3 | |
| Right click | 413 | |
| Select / deselect | 621 | |
| Select group hotkey | 525 | |
| Use ability | 93 | |
2046 total
» units
| Acolyte | 10 | |
| Crypt Fiend | 8 | |
| Ghoul | 3 | |
| Obsidian Statue | 3 | |
| Frost Wyrm | 4 | |
28 total
» upgrades
| Creature Attack | 1 | |
| Web | 1 | |
| Destroyer Form | 1 | |
| Creature Carapace | 1 | |
4 total
» buildings
| Crypt | 1 | |
| Graveyard | 2 | |
| Altar of Darkness | 1 | |
| Ziggurat | 8 | |
| Tomb of Relics | 1 | |
| Nerubian Tower | 1 | |
| Halls of the Dead | 4 | |
| Spirit Tower | 2 | |
| Slaughterhouse | 1 | |
| Black Citadel | 1 | |
| Necropolis | 1 | |
| Sacrificial Pit | 1 | |
| Boneyard | 2 | |
26 total
» build order
00:08 Crypt
00:16 Graveyard
00:20 Graveyard
00:32 Altar of Darkness
00:49 Ziggurat
01:15 Tomb of Relics
01:46 Ziggurat
03:10 Nerubian Tower
03:50 Ziggurat
05:12 Halls of the Dead
05:12 Halls of the Dead
05:12 Halls of the Dead
06:16 Spirit Tower
06:17 Spirit Tower
06:34 Ziggurat
07:46 Slaughterhouse
08:36 Black Citadel
09:34 Necropolis
10:18 Sacrificial Pit
11:12 Ziggurat
11:18 Boneyard
12:46 Boneyard
13:54 Ziggurat
13:58 Ziggurat
15:24 Ziggurat
» items
| Rod of Necromancy | 2 | |
| Sacrificial Skull | 1 | |
| Dust of Appearance | 1 | |
| Potion of Lesser Invulnerability | 1 | |
| Orb of Corruption | 6 | |
| Scroll of Town Portal | 1 | |
| Scroll of Healing | 1 | |
13 total
GetOffMyPlane (
teal | 64 APM | 1190 actions | 18:36)
4 Archmage
2 Summon Water Elemental
2 Brilliance Aura
3 Paladin
2 Holy Light
1 Divine Shield
» actions
| Assign group hotkey | 26 | |
| Basic commands | 54 | |
| Build / train | 62 | |
| ESC pressed | 4 | |
| Enter build submenu | 25 | |
| Enter hero's abilities submenu | 7 | |
| Give item / drop item | 4 | |
| Remove unit from queue | 1 | |
| Right click | 422 | |
| Select / deselect | 336 | |
| Select group hotkey | 181 | |
| Use ability | 68 | |
1190 total
» units
| Peasant | 13 | |
| Rifleman | 9 | |
| Mortar Team | 4 | |
| Goblin Zeppelin | 1 | |
| Siege Engine | 2 | |
29 total
» upgrades
| Gunpowder | 2 | |
| Masonry | 1 | |
| Long Rifles | 1 | |
| Lumber Harvesting | 1 | |
| Flare | 1 | |
| Armor | 1 | |
| Fragmentation Shards | 1 | |
| Barrage | 1 | |
| Plating | 1 | |
10 total
» buildings
| Altar of Kings | 1 | |
| Farm | 8 | |
| Blacksmith | 1 | |
| Barracks | 1 | |
| Arcane Vault | 1 | |
| Lumber Mill | 1 | |
| Keep | 2 | |
| Town Hall | 1 | |
| Scout Tower | 8 | |
| Workshop | 2 | |
| Guard Tower | 3 | |
| Castle | 1 | |
30 total
» build order
00:06 Altar of Kings
00:08 Farm
00:22 Blacksmith
01:19 Barracks
01:36 Farm
02:09 Arcane Vault
02:34 Farm
03:06 Lumber Mill
03:49 Farm
04:41 Keep
04:42 Keep
05:36 Farm
06:27 Farm
06:45 Town Hall
06:47 Scout Tower
06:50 Scout Tower
06:50 Scout Tower
08:02 Workshop
08:06 Workshop
09:46 Farm
10:15 Scout Tower
10:16 Scout Tower
10:18 Scout Tower
10:44 Guard Tower
10:45 Scout Tower
10:46 Guard Tower
10:47 Scout Tower
11:36 Guard Tower
11:39 Castle
13:17 Farm
» items
| Scroll of Regeneration | 3 | |
| Potion of Healing | 2 | |
| Scroll of Town Portal | 2 | |
7 total
HoneyBlunt (
red | 85 APM | 1573 actions | 18:26)
4 Keeper of the Grove
2 Entangling Roots
2 Thorns Aura
3 Priestess of the Moon
2 Trueshot Aura
1 Scout
» actions
| Assign group hotkey | 21 | |
| Basic commands | 50 | |
| Build / train | 69 | |
| ESC pressed | 2 | |
| Enter build submenu | 23 | |
| Enter hero's abilities submenu | 7 | |
| Give item / drop item | 1 | |
| Right click | 747 | |
| Select / deselect | 285 | |
| Select group hotkey | 314 | |
| Use ability | 54 | |
1573 total
» units
| Wisp | 24 | |
| Archer | 13 | |
| Dryad | 9 | |
| Druid of the Talon | 1 | |
47 total
» upgrades
| Improved Bows | 1 | |
| Druid of the Talon Training | 1 | |
| Strength of the Wild | 2 | |
| Abolish Magic | 1 | |
5 total
» buildings
| Moon Well | 4 | |
| Ancient of War | 1 | |
| Altar of Elders | 1 | |
| Ancient of Wonders | 1 | |
| Tree of Ages | 2 | |
| Tree of Life | 4 | |
| Hunter's Hall | 1 | |
| Ancient Protector | 4 | |
| Ancient of Lore | 1 | |
| Ancient of Wind | 1 | |
| Tree of Eternity | 1 | |
| Chimaera Roost | 1 | |
22 total
» build order
00:23 Moon Well
00:37 Ancient of War
00:51 Altar of Elders
01:38 Moon Well
02:30 Ancient of Wonders
03:43 Tree of Ages
04:14 Tree of Life
04:33 Moon Well
05:18 Hunter's Hall
05:29 Moon Well
06:12 Tree of Life
06:24 Ancient Protector
07:19 Ancient of Lore
07:56 Ancient of Wind
09:06 Ancient Protector
09:08 Tree of Eternity
10:09 Tree of Life
11:50 Tree of Life
12:10 Chimaera Roost
13:09 Ancient Protector
13:11 Ancient Protector
» items
| Scroll of Town Portal | 2 | |
| Boots of Speed | 1 | |
| Scroll of Protection | 1 | |
| Potion of Healing | 1 | |
5 total
LastApache (
purple | 83 APM | 1545 actions | 18:31)
3 Tauren Chieftain
2 War Stomp
1 Endurance Aura
2 Shadow Hunter
1 Hex
1 Serpent Ward
» actions
| Assign group hotkey | 21 | |
| Basic commands | 59 | |
| Build / train | 51 | |
| Enter build submenu | 18 | |
| Enter hero's abilities submenu | 5 | |
| Right click | 687 | |
| Select / deselect | 289 | |
| Select group hotkey | 358 | |
| Use ability | 57 | |
1545 total
» units
| Peon | 9 | |
| Grunt | 10 | |
| Tauren | 3 | |
| Troll Witch Doctor | 5 | |
27 total
» upgrades
| Berserker Strength | 1 | |
| Armor | 1 | |
| Melee Weapons | 1 | |
| Witch Doctor Training | 2 | |
| Pulverize | 1 | |
| Reinforced Defenses | 1 | |
| Burning Oil | 1 | |
8 total
» buildings
| Altar of Storms | 1 | |
| Orc Burrow | 8 | |
| Barracks | 1 | |
| Voodoo Lounge | 1 | |
| Stronghold | 1 | |
| War Mill | 1 | |
| Fortress | 1 | |
| Spirit Lodge | 3 | |
| Tauren Totem | 1 | |
| Watch Tower | 1 | |
19 total
» build order
00:08 Altar of Storms
00:25 Orc Burrow
00:52 Barracks
01:22 Orc Burrow
02:14 Orc Burrow
02:40 Voodoo Lounge
03:29 Stronghold
04:38 Orc Burrow
04:42 War Mill
05:21 Orc Burrow
06:23 Fortress
07:19 Spirit Lodge
07:25 Spirit Lodge
09:57 Tauren Totem
10:00 Spirit Lodge
10:22 Orc Burrow
17:24 Orc Burrow
17:52 Watch Tower
18:13 Orc Burrow
» items
| Healing Salve | 2 | |
| Scroll of Speed | 1 | |
| Scroll of Town Portal | 1 | |
| Potion of Healing | 2 | |
6 total
team 2 (winner)
Evil-leprechaun (
pink | 94 APM | 1745 actions | 18:37)
7 Death Knight
3 Death Coil
3 Unholy Aura
1 Animate Dead
» actions
| Assign group hotkey | 14 | |
| Basic commands | 5 | |
| Build / train | 54 | |
| Enter build submenu | 20 | |
| Enter hero's abilities submenu | 7 | |
| Give item / drop item | 5 | |
| Right click | 907 | |
| Select / deselect | 257 | |
| Select group hotkey | 408 | |
| Use ability | 67 | |
1745 total
» units
| Acolyte | 7 | |
| Ghoul | 4 | |
| Crypt Fiend | 8 | |
| Frost Wyrm | 4 | |
23 total
» upgrades
| Creature Attack | 2 | |
| Creature Carapace | 2 | |
| Web | 1 | |
5 total
» buildings
| Graveyard | 1 | |
| Crypt | 1 | |
| Ziggurat | 9 | |
| Altar of Darkness | 1 | |
| Tomb of Relics | 1 | |
| Halls of the Dead | 2 | |
| Black Citadel | 2 | |
| Sacrificial Pit | 1 | |
| Boneyard | 2 | |
20 total
» build order
00:18 Graveyard
00:22 Crypt
00:27 Ziggurat
00:52 Altar of Darkness
01:12 Ziggurat
01:18 Tomb of Relics
03:46 Ziggurat
05:01 Halls of the Dead
07:50 Black Citadel
08:57 Ziggurat
09:35 Ziggurat
10:21 Sacrificial Pit
10:50 Ziggurat
10:57 Ziggurat
10:58 Ziggurat
11:02 Ziggurat
11:17 Boneyard
11:25 Boneyard
» items
| Rod of Necromancy | 2 | |
| Potion of Healing | 2 | |
| Potion of Mana | 2 | |
| Scroll of Town Portal | 2 | |
| Scroll of Healing | 1 | |
9 total

»
eyesopen (
green | 207 APM | 3861 actions | 18:37)
4 Archmage
2 Summon Water Elemental
1 Brilliance Aura
1 Blizzard
3 Mountain King
2 Storm Bolt
1 Bash
» actions
| Assign group hotkey | 39 | |
| Basic commands | 192 | |
| Build / train | 73 | |
| Enter build submenu | 28 | |
| Enter hero's abilities submenu | 7 | |
| Give item / drop item | 2 | |
| Remove unit from queue | 1 | |
| Right click | 852 | |
| Select / deselect | 556 | |
| Select group hotkey | 2049 | |
| Use ability | 62 | |
3861 total
» units
| Peasant | 15 | |
| Footman | 9 | |
| Rifleman | 6 | |
| Mortar Team | 1 | |
| Priest | 2 | |
| Spell Breaker | 2 | |
| Knight | 3 | |
| Siege Engine | 1 | |
39 total
» upgrades
| Long Rifles | 1 | |
| Lumber Harvesting | 1 | |
| Fragmentation Shards | 1 | |
| Animal War Training | 1 | |
| Priest Training | 2 | |
| Swords | 1 | |
| Plating | 1 | |
| Armor | 1 | |
| Gunpowder | 2 | |
| Barrage | 1 | |
12 total
» buildings
| Altar of Kings | 2 | |
| Farm | 13 | |
| Barracks | 1 | |
| Lumber Mill | 1 | |
| Scout Tower | 3 | |
| Arcane Vault | 1 | |
| Arcane Tower | 1 | |
| Keep | 1 | |
| Blacksmith | 1 | |
| Town Hall | 1 | |
| Guard Tower | 2 | |
| Castle | 1 | |
| Arcane Sanctum | 2 | |
| Workshop | 3 | |
33 total
» build order
00:06 Altar of Kings
00:12 Altar of Kings
00:15 Farm
00:41 Barracks
00:45 Farm
02:04 Lumber Mill
02:30 Farm
02:33 Scout Tower
02:41 Arcane Vault
03:02 Arcane Tower
03:35 Keep
05:01 Blacksmith
05:03 Farm
05:03 Farm
06:41 Town Hall
06:45 Scout Tower
06:46 Scout Tower
07:08 Farm
07:08 Farm
07:11 Farm
07:15 Guard Tower
07:17 Guard Tower
08:45 Castle
09:48 Arcane Sanctum
09:49 Arcane Sanctum
09:54 Workshop
14:33 Farm
14:33 Farm
14:34 Farm
14:37 Farm
14:38 Farm
16:06 Workshop
16:07 Workshop
» items
| Scroll of Town Portal | 2 | |
| Scroll of Regeneration | 2 | |
| Potion of Healing | 2 | |
| Orb of Fire | 1 | |
7 total

»
HHeXXeDD (
yellow | 60 APM | 1125 actions | 18:37)
6 Death Knight
3 Death Coil
2 Unholy Aura
1 Animate Dead
» actions
| Assign group hotkey | 44 | |
| Basic commands | 140 | |
| Build / train | 60 | |
| Enter build submenu | 18 | |
| Enter hero's abilities submenu | 6 | |
| Right click | 309 | |
| Select / deselect | 257 | |
| Select group hotkey | 249 | |
| Use ability | 42 | |
1125 total
» units
| Acolyte | 7 | |
| Ghoul | 4 | |
| Crypt Fiend | 15 | |
| Frost Wyrm | 7 | |
33 total
» upgrades
| Creature Attack | 2 | |
| Creature Carapace | 2 | |
| Web | 1 | |
| Freezing Breath | 1 | |
6 total
» buildings
| Crypt | 1 | |
| Ziggurat | 9 | |
| Graveyard | 1 | |
| Altar of Darkness | 1 | |
| Tomb of Relics | 1 | |
| Nerubian Tower | 1 | |
| Halls of the Dead | 1 | |
| Black Citadel | 2 | |
| Spirit Tower | 1 | |
| Sacrificial Pit | 1 | |
| Boneyard | 2 | |
21 total
» build order
00:08 Crypt
00:11 Ziggurat
00:35 Graveyard
00:55 Altar of Darkness
01:22 Ziggurat
01:55 Tomb of Relics
02:52 Nerubian Tower
03:34 Ziggurat
04:50 Halls of the Dead
06:28 Ziggurat
07:55 Black Citadel
07:55 Black Citadel
08:55 Spirit Tower
10:16 Sacrificial Pit
11:08 Boneyard
11:17 Boneyard
11:53 Ziggurat
11:55 Ziggurat
12:22 Ziggurat
13:51 Ziggurat
16:30 Ziggurat
» items
| Rod of Necromancy | 1 | |
| Scroll of Town Portal | 2 | |
| Potion of Healing | 2 | |
5 total

»
TIMG4STRok (
orange | 143 APM | 2659 actions | 18:37)
6 Priestess of the Moon
2 Trueshot Aura
3 Searing Arrows
1 Starfall
» actions
| Assign group hotkey | 26 | |
| Basic commands | 68 | |
| Build / train | 60 | |
| ESC pressed | 1 | |
| Enter build submenu | 15 | |
| Enter hero's abilities submenu | 6 | |
| Right click | 1375 | |
| Select / deselect | 285 | |
| Select group hotkey | 787 | |
| Use ability | 36 | |
2659 total
» units
» upgrades
| Ultravision | 1 | |
| Strength of the Wild | 2 | |
| Reinforced Hides | 1 | |
| Abolish Magic | 1 | |
| Nature's Blessing | 1 | |
6 total
» buildings
| Altar of Elders | 1 | |
| Moon Well | 4 | |
| Hunter's Hall | 1 | |
| Ancient of War | 2 | |
| Tree of Life | 1 | |
| Tree of Ages | 1 | |
| Ancient Protector | 2 | |
| Ancient of Lore | 2 | |
| Ancient of Wonders | 1 | |
| Tree of Eternity | 1 | |
16 total
» build order
00:05 Altar of Elders
00:17 Moon Well
01:29 Hunter's Hall
01:57 Ancient of War
02:12 Ancient of War
02:15 Moon Well
02:48 Moon Well
05:30 Tree of Life
05:40 Moon Well
07:38 Tree of Ages
08:53 Ancient Protector
08:54 Ancient Protector
10:12 Ancient of Lore
10:14 Ancient of Lore
10:33 Ancient of Wonders
13:25 Tree of Eternity
» items
| Scroll of Town Portal | 2 | |
| Boots of Speed | 1 | |
| Potion of Healing | 1 | |
4 total
Chat log
(00:10 / Allies) Evil-leprechaun: prolly tanks
(00:10 / Allies) TIMG4STRok: they noobs
(00:11 / Allies) Evil-leprechaun: for their air
(00:13 / Allies) Evil-leprechaun: there gonna mass
(00:19 / Allies) Evil-leprechaun: 100g
(00:20 / Allies) HHeXXeDD: lol
(00:25 / Allies) HHeXXeDD: i randomed and got UD
(00:35 / Allies) TIMG4STRok: gave you what i could
(00:40 / Allies) Evil-leprechaun: hhexxedd rly help make the clan tleast
(01:00 / All) HoneyBlunt: gl hf
(01:01 / Allies) Evil-leprechaun: u dont have to join just be one of our 10 membmers kk
(01:04 / All) Evil-leprechaun: u2
(01:05 / All) TIMG4STRok: good luck dont suck
(01:07 / All) TIMG4STRok: wait a second
(01:08 / All) TIMG4STRok: too late
(01:13 / All) HoneyBlunt: ohh its u
(01:20 / All) HoneyBlunt: i was too stoned to notice
(01:23 / Allies) Evil-leprechaun: so i raped sdfwesder
(01:25 / All) TIMG4STRok: more like too retarded
(01:28 / Allies) Evil-leprechaun: it was fun
(01:28 / All) ErPf3000: t4os?
(01:32 / All) TIMG4STRok: clan towa
(01:33 / Allies) eyesopen: what u want me?
(01:34 / All) TIMG4STRok: learn it
(01:36 / All) TIMG4STRok: live it
(01:36 / All) ErPf3000: k
(01:37 / All) TIMG4STRok: love it
(01:43 / All) LastApache: woot clan PRO@
(01:46 / Allies) TIMG4STRok: got some beef with that guy
(01:47 / Allies) TIMG4STRok: red
(01:49 / All) Evil-leprechaun: <--- Clan BeliFarts
(01:49 / Allies) TIMG4STRok: on wgdf
(01:55 / All) TIMG4STRok: listen
(02:00 / All) TIMG4STRok: can you guys try this game
(02:02 / All) LastApache: me no english..name u?
(02:03 / All) HoneyBlunt: i cant hear u
(02:06 / All) TIMG4STRok: give us a semblance of a challenge
(02:17 / All) HoneyBlunt: im gonna try a little
(02:20 / All) LastApache: i love america
(02:23 / All) TIMG4STRok: sweet
(02:25 / All) HoneyBlunt: i mean why else was i searching?
(02:26 / All) TIMG4STRok: dont overdo it though
(02:38 / All) TIMG4STRok: dont want you to strain your fingers, trying to hit that 100 apm
(02:45 / All) HoneyBlunt: Lol
(02:46 / All) Evil-leprechaun: lol thats how mcuch apm igot
(03:59 / Allies) eyesopen: hes got help
(04:18 / Allies) TIMG4STRok: jack
(04:21 / Allies) eyesopen: yeah
(04:29 / Allies) Evil-leprechaun: expo
(05:29 / Allies) Evil-leprechaun: wow go all 4 races and dont tech
(05:38 / Allies) Evil-leprechaun: green expo
(05:41 / Allies) eyesopen: ok
(05:55 / All) TIMG4STRok: cancel
(05:55 / All) TIMG4STRok: escape is hotkey
(05:56 / All) TIMG4STRok: do it
(06:03 / All) Evil-leprechaun: somone went on it and dl a hack
(06:07 / All) TIMG4STRok: nice reaction time
(06:10 / Allies) Evil-leprechaun: blah
(06:11 / All) TIMG4STRok: didnt expect it of you
(06:15 / Allies) Evil-leprechaun: tell kid story
(06:30 / Allies) TIMG4STRok: gotta keep blue from creeping
(07:29 / Allies) TIMG4STRok: go heal pink
(08:20 / All) TIMG4STRok: gj
(08:24 / All) TIMG4STRok: nice honeyblunt
(08:45 / Allies) Evil-leprechaun: ima kill his workers
(09:20 / Allies) TIMG4STRok: got it
(09:24 / Allies) TIMG4STRok: fight
(09:50 / Allies) HHeXXeDD: leme get tp
(10:03 / Allies) Evil-leprechaun: yo hex wut u goin
(11:12 / Allies) Evil-leprechaun: i need lumbr
(11:14 / Allies) TIMG4STRok: fight
(11:15 / Allies) TIMG4STRok: no stomp
(11:17 / Allies) eyesopen: working on it
(11:29 / Allies) TIMG4STRok: b
(14:50 / All) TIMG4STRok: gg
(14:55 / Allies) TIMG4STRok: sh
(15:13 / Allies) eyesopen: tp?
(15:21 / Allies) Evil-leprechaun: need get one
(15:42 / Allies) TIMG4STRok: hit main
(15:59 / Allies) TIMG4STRok: klotg
(15:59 / Allies) TIMG4STRok: kotg
(16:11 / Allies) TIMG4STRok: b
(17:41 / Allies) TIMG4STRok: morts
(17:42 / Allies) TIMG4STRok: are a problem
(17:53 / All) ErPf3000: gg
(17:57 / All) HoneyBlunt: gg